 Dungeon Crawl Stone Soup version 0.18-a0-1778-gadce9fa (webtiles) character file.

77 vortex the Magician (level 4, -3/25 HPs)
             Began as a Deep Elf Wizard on Apr 16, 2016.
             Slain by Grinder (4 damage)
             ... on level 3 of the Dungeon.
             The game lasted 00:08:56 (2897 turns).

vortex the Magician (Deep Elf Wizard)               Turns: 2897, Time: 00:08:57

Health: -3/25      AC:  4    Str:  4    XL:     4   Next: 13%
Magic:  0/13       EV:  7    Int: 24    God:
Gold:   97         SH:  0    Dex: 13    Spells: 5 memorised, 2 levels left

rFire  . . .     SeeInvis .     h - +0 short sword
rCold  . . .     Gourm    .     a - +0 robe
rNeg   . . .     Faith    .     (no shield)
rPois  .         Spirit   .     e - +0 helmet
rElec  .         Dismiss  .     b - +0 cloak
rCorr  .         Reflect  .     (no gloves)
SustAt .         Harm     .     (no boots)
MR     .....                    (no amulet)
Stlth  +.........               (no ring)
                                n - ring of loudness (curse)

@: not resistant to hostile enchantments, very unstealthy
A: no striking features
a: no special abilities


You were on level 3 of the Dungeon.
You were hungry.

You visited 1 branch of the dungeon, and saw 3 of its levels.

You collected 97 gold pieces.

Inventory:

Hand Weapons
 h - a +0 short sword (weapon)
Missiles
 p - 25 poisoned needles
Armour
 a - a +0 robe (worn)
 b - a +0 cloak (worn)
 e - a +0 helmet (worn)
 u - a +0 buckler
Jewellery
 n - a cursed ring of loudness (left hand)
Scrolls
 j - 2 scrolls of identify {unknown}
 k - a scroll of enchant weapon {unknown}
 s - a scroll of enchant armour {unknown}
 t - a scroll of remove curse {unknown}
Potions
 g - a potion of haste {unknown}
 i - a potion of curing {unknown}
 l - a potion of brilliance {unknown}
 m - a potion of degeneration {unknown}
 o - a potion of heal wounds {unknown}
Books
 c - a book of Minor Magic

   Spells                             Type                      Level
   a - Magic Dart                     Conjuration                  1
   b - Blink                          Translocation                2
   c - Call Imp                       Summoning                    2
   d - Repel Missiles                 Charms/Air                   2
   e - Slow                           Hexes                        2
   f - Conjure Flame                  Conjuration/Fire             3
   g - Mephitic Cloud                 Conjuration/Poison/Air       3
Comestibles
 d - 2 bread rations
 f - 2 beef jerkies
 r - 4 fruits


   Skills:
 + Level 1.1 Fighting
 - Level 2.4 Dodging
 - Level 2.4 Stealth
 + Level 0.0 Shields
 + Level 5.1 Spellcasting
 * Level 3.1 Conjurations
   Level 1.1 Summonings
 - Level 1.1 Translocations
 + Level 0.7 Fire Magic


You had 2 spell levels left.
You knew the following spells:

 Your Spells              Type           Power        Failure   Level  Hunger
a - Magic Dart            Conj           ###.         2%          1    None
b - Conjure Flame         Conj/Fire      ###.....     14%         3    ##.....
m - Mephitic Cloud        Conj/Pois/Air  ##......     21%         3    ##.....
x - Blink                 Tloc           N/A          12%         2    None
y - Repel Missiles        Chrm/Air       #.....       14%         2    None


Dungeon Overview and Level Annotations

Branches:
Dungeon (3/15)

Altars:
Cheibriados
Qazlal

Annotations:
D:3 Grinder, Robin, Sigmund, Terence


Message History

The slug dart is repelled.
You feel less protected from missiles. Grinder misses you.
Casting: Magic Dart
Confirm with . or Enter, or press ? or * to list all spells.
Aiming: Magic Dart
Press: ? - help, Shift-Dir - straight line, f/p - Grinder
Aim: Grinder (severely wounded)
The magic dart hits Grinder.
Grinder is almost dead.
The dart slug misses you. Grinder gestures at you.
Pain shoots through your body!
* * * LOW HITPOINT WARNING * * *
Grinder barely misses you.
There is an escape hatch in the ceiling here.
Grinder hits you.
* * * LOW HITPOINT WARNING * * *
You writhe in agony.
You die...

###### #....# #
#....#
...###....######
#.....5@.......
#####.w..######
#....# #.<..#
##.### ..# ##..
#.# #.#


You could see Grinder and a dart slug.

Vanquished Creatures
  3 adders
  3 giant cockroaches
  6 goblins
  8 hobgoblins
  4 jackals
  A quokka (D:2)
  8 bats
  5 giant newts
  3 kobolds
  8 rats
49 creatures vanquished.

Notes
Turn   | Place    | Note
--------------------------------------------------------------
     0 | D:1      | vortex the Deep Elf Wizard began the quest for the Orb.
     0 | D:1      | Reached XP level 1. HP: 10/10 MP: 7/7
   391 | D:1      | Reached XP level 2. HP: 16/16 MP: 5/9
   399 | D:1      | Learned a level 2 spell: Blink
   402 | D:1      | Learned a level 2 spell: Repel Missiles
  1049 | D:2      | Reached XP level 3. HP: 13/20 MP: 3/11
  1166 | D:2      | Learned a level 3 spell: Conjure Flame
  1170 | D:2      | Learned a level 3 spell: Mephitic Cloud
  1363 | D:2      | Reached skill level 1 in Fighting
  1363 | D:2      | Reached skill level 5 in Spellcasting
  1762 | D:3      | Noticed Robin
  1990 | D:3      | Noticed Sigmund
  2006 | D:3      | Noticed Terence
  2224 | D:2      | Reached XP level 4. HP: 24/25 MP: 10/13
  2473 | D:2      | Found a stormy altar of Qazlal.
  2473 | D:2      | Found a snail-covered altar of Cheibriados.
  2865 | D:3      | Noticed Grinder
  2865 | D:3      | Paralysed by Grinder for 7 turns
  2886 | D:3      | Paralysed by Grinder for 6 turns
  2897 | D:3      | HP: 1/25 [Grinder (6)]
  2897 | D:3      | Slain by Grinder

Vault maps used:
D:1:      minmay_arrival_radiant_lines
D:2:      gammafunk_temple_overflow_wave
D:3:      first_bread, minmay_lizard_king, uniq_sigmund, uniq_robin,
          uniq_grinder, uniq_terence

Skill      XL: |  1  2  3  4 |
---------------+-------------+-----
Conjurations   | 2 3 |  3.1
Fighting       | 1 |  1.1
Spellcasting   | 5 |  5.1
Dodging        | |  2.4
Stealth        | |  2.4
Summonings     | |  1.1
Translocations | |  1.1
Fire Magic     | |  0.7

Action                   |  1- 3 |  4- 6 || total
-------------------------+-------+-------++-------
Melee: Unarmed           |     1 |       ||     1
       Short sword       |     7 |     1 ||     8
 Cast: Magic Dart        |    99 |    33 ||   132
       Conjure Flame     |     1 |       ||     1
       Mephitic Cloud    |     1 |       ||     1
       Repel Missiles    |     1 |       ||     1
  Eat: Chunk             |     4 |     1 ||     5
Armor: Robe              |    16 |     3 ||    19
Dodge: Dodged            |    27 |     7 ||    34
       Deflected         |       |     1 ||     1
